Map: Deathaura LE

Players

Reynor

  • Race: Zerg Zerg
  • League: Master
  • Spawn Location: 11:00

Serral - Winner!

  • Race: Zerg Zerg
  • League: Master
  • Spawn Location: 5:00

Event: DreamHack SC2 Masters 2020 Fall

VOD

Have the link to the VOD?

Description

Time

  • Played on: Sept. 13, 2020, 1:41 p.m.
  • Length: 7:28

All games in this series

Show
View Real Time Build Order
Export as new Build Order

Reynor Zerg 

Build Orders: Hatch First 

Get SALT Encoding   

  12  0:00  Drone  
  13  0:11  Overlord  
  13  0:16  Drone  
  14  0:30  Drone x2  
  16  0:47  Hatchery  
  15  0:50  Drone  
  15  0:54  Drone  
  17  0:57  Drone  
  18  1:08  Extractor  
  17  1:12  Spawning Pool  
  17  1:16  Drone  
  17  1:19  Drone  
  18  1:27  Drone  
  19  1:37  Drone  
  20  1:48  Drone  
  21  1:59  Queen, Overlord  
  21  2:00  Queen, Zergling x2  
  26  2:08  Metabolic Boost  
  26  2:10  Drone x2  
  28  2:20  Drone  
  28  2:21  Drone  
  30  2:32  Hatchery  
  30  2:35  Drone  
  30  2:40  Drone  
  30  2:42  Drone x2  
  33  2:53  Overlord  
  33  2:54  Baneling Nest  
  33  2:55  Drone  
  33  3:04  Zergling x2  
  33  3:05  Drone  
  35  3:10  Drone  
  36  3:13  Drone x2  
  36  3:14  Drone  
  36  3:15  Drone x2  
  36  3:16  Overlord  
  41  3:21  Evolution Chamber  
  41  3:22  Zergling x2  
  41  3:26  Lair  
  41  3:29  Drone  
  41  3:30  Drone  
  43  3:34  Extractor  
  43  3:37  Drone  
  43  3:39  Drone  
  46  3:41  Drone x3  
  46  3:43  Drone  
  46  3:47  Queen  
  50  3:51  Drone  
  50  3:52  Drone  
  52  3:56  Zergling x2  
  52  3:57  Zergling x2  
  52  3:58  Drone x2  
  52  4:01  Overlord  
  56  4:04  Drone  
  57  4:10  Drone  
  57  4:13  Extractor  
  57  4:14  Extractor  
  57  4:15  Drone x2  
  57  4:19  Overlord  
  57  4:21  Zergling x4  
  57  4:22  Zergling x2  
  60  4:30  Zergling x6, Spire  
  62  4:36  Drone  
  62  4:37  Drone  
  62  4:38  Drone  
  65  4:39  Zerg Melee Weapons Level 1  
  65  4:46  Drone, Overlord  
  65  4:47  Drone x4  
  65  4:50  Drone x2  
  72  4:53  Drone  
  72  4:56  Overlord  
  73  5:04  Drone x2  
  73  5:06  Overlord  
  73  5:07  Drone x2  
  77  5:12  Drone, Extractor  
  77  5:13  Extractor  
  76  5:16  Drone x3  
  76  5:17  Drone  
  76  5:18  Overlord  
  80  5:26  Drone x2  
  80  5:27  Drone  
  83  5:34  Overlord  
  83  5:42  Mutalisk x4  
  85  5:44  Spine Crawler x2  
  85  5:46  Mutalisk x3  
  85  5:47  Spine Crawler  
  85  5:48  Spine Crawler  
  93  5:50  Mutalisk  
  93  5:53  Evolution Chamber  
  94  5:57  Mutalisk  
  94  6:01  Zergling x8  
  94  6:04  Mutalisk  
  100  6:09  Zergling x8  
  104  6:13  Mutalisk  
  104  6:17  Spine Crawler  
  104  6:18  Zergling x2  
  103  6:24  Mutalisk  
  103  6:25  Zergling x2  
  86  6:39  Zergling x2  
  77  6:47  Zergling x4  
  77  6:51  Zergling x4  
  77  6:53  Zergling x2  
  80  6:57  Evolution Chamber  
  72  7:03  Zergling x8  
  72  7:07  Zergling x2  
  75  7:09  Zergling x2  
Show
View Real Time Build Order
Export as new Build Order

Serral Zerg - Winner!

Build Orders: Hatch First 

Get SALT Encoding   

  12  0:00  Drone  
  13  0:11  Overlord  
  13  0:16  Drone  
  14  0:30  Drone x2  
  16  0:46  Hatchery  
  15  0:50  Drone  
  15  0:53  Drone  
  17  1:07  Spawning Pool  
  17  1:10  Drone  
  17  1:12  Extractor  
  17  1:15  Drone  
  17  1:18  Drone  
  18  1:27  Drone  
  19  1:37  Drone  
  20  1:54  Queen  
  20  1:55  Overlord  
  20  1:58  Drone, Queen  
  20  1:59  Zergling x2  
  26  2:09  Drone  
  26  2:10  Drone  
  28  2:20  Drone  
  28  2:21  Drone  
  30  2:32  Drone  
  30  2:33  Drone  
  30  2:35  Hatchery  
  31  2:39  Queen  
  31  2:42  Overlord  
  33  2:46  Drone  
  34  2:52  Drone  
  34  2:53  Drone  
  34  2:57  Roach Warren  
  35  3:01  Drone x2  
  35  3:05  Drone  
  38  3:07  Drone  
  38  3:08  Drone  
  38  3:10  Drone  
  42  3:12  Drone  
  42  3:15  Drone  
  42  3:19  Overlord  
  43  3:24  Overlord  
  43  3:30  Evolution Chamber  
  42  3:37  Lair  
  42  3:38  Roach x3  
  42  3:40  Roach  
  50  3:44  Roach  
  50  3:45  Extractor  
  51  3:48  Drone x3  
  54  3:57  Zerg Missile Weapons Level 1  
  54  3:58  Drone x4  
  54  4:01  Drone  
  54  4:02  Drone  
  60  4:05  Overlord  
  60  4:10  Drone x2  
  60  4:11  Drone  
  60  4:15  Drone x2  
  60  4:16  Extractor  
  64  4:20  Drone, Overlord  
  64  4:21  Drone  
  66  4:24  Drone  
  66  4:25  Drone, Extractor  
  66  4:27  Drone  
  66  4:30  Drone  
  70  4:33  Overlord  
  70  4:36  Glial Reconstitution  
  70  4:37  Overlord  
  69  4:42  Roach x2  
  72  4:46  Roach x2  
  72  4:51  Roach  
  78  4:57  Evolution Chamber  
  78  4:59  Roach x4  
  85  5:01  Overlord x2  
  85  5:06  Roach x2  
  89  5:11  Overseer  
  89  5:12  Overlord  
  89  5:16  Roach x3  
  89  5:18  Overlord  
  95  5:21  Roach  
  95  5:25  Roach x2  
  95  5:28  Overlord  
  101  5:32  Roach x2  
  105  5:37  Roach x3  
  115  5:43  Roach x3  
  115  5:47  Roach x2  
  121  5:50  Overlord  
  121  5:55  Roach x2  
  125  5:58  Roach x2  
  129  6:09  Roach x5  
  139  6:15  Roach x4  
  141  6:22  Roach  
  141  6:23  Roach  
  137  6:33  Roach x5  
  137  6:37  Roach x2  
  137  6:39  Overlord  
  139  6:41  Overlord  
  139  6:42  Overlord  
  131  6:48  Roach x3  
  131  6:51  Queen  
  129  7:01  Roach  
  129  7:02  Roach  

Tags
 
Add a new tag
Caveats
  • Supply blocks, unpowered buildings, or Contaminate may cause inaccurate times.
  • Supply counts are checked every 10 seconds.